 Dungeon Crawl Stone Soup version 0.16.1 (webtiles) character file.

12555 Fiveotanaka the Impaler (level 11, -3/85 HPs)
             Began as a Merfolk Gladiator on Mar 27, 2015.
             Was the Champion of Makhleb.
             Slain by a killer bee (5 damage)
             ... on level 2 of the Lair of Beasts.
             The game lasted 00:40:44 (11700 turns).

Fiveotanaka the Impaler (Merfolk Gladiator)        Turns: 11700, Time: 00:40:44

Health: -3/85      AC: 13    Str: 17    XL:     11   Next: 95%
Magic:  11/11      EV: 16    Int: 12    God:    Makhleb [******]
Gold:   216        SH:  0    Dex: 17    Spells: 0 memorised, 10 levels left

rFire  + . .     SeeInvis .     F - +0 glaive
rCold  . . .     Clarity  .     w - +3 scale mail
rNeg   . . .     SustAb   .     (no shield)
rPois  +         Gourm    +     c - +0 helmet
rElec  .         Spirit   .     z - +0 cloak
rCorr  .         Warding  .     y - +0 pair of gloves
rMut   .         Stasis   .     r - +0 pair of boots "Farofoem" {Int+5}
MR     .....                    R - amulet of the gourmand
Stlth  ..........               X - ring of poison resistance
                                C - ring of protection from fire

@: very slightly contaminated, not resistant to hostile enchantments, extremely
unstealthy
A: change form in water, swift swim
a: Minor Destruction, Lesser Servant of Makhleb, Major Destruction, Greater
Servant of Makhleb, Renounce Religion


You were on level 2 of the Lair of Beasts.
You worshipped Makhleb.
Makhleb was exalted by your worship.
You were very full.

You visited 2 branches of the dungeon, and saw 11 of its levels.

You collected 599 gold pieces.
You spent 383 gold pieces at shops.

Inventory:

Hand weapons
 F - a +0 glaive (weapon)
 M - a +2 trident of venom
 Q - a +1 morningstar of freezing
Missiles
 d - 3 throwing nets (quivered)
 i - 324 stones
 k - 14 poisoned needles
Armour
 a - a +1 scale mail of cold resistance
 c - a +0 helmet (worn)
 r - the +0 pair of boots "Farofoem" (worn) {Int+5}
   (You found it on level 2 of the Lair of Beasts)

   It affects your intelligence (+5).
 w - a +3 scale mail (worn)
 y - a +0 pair of gloves (worn)
 z - a +0 cloak (worn)
Jewellery
 C - a ring of protection from fire (left hand)
 R - an amulet of the gourmand (around neck)
 S - an uncursed amulet of regeneration {unknown}
 V - an uncursed ring of see invisible
 X - a ring of poison resistance (right hand)
 Y - a +1 ring of protection
Magical devices
 q - a wand of fireball (5)
 A - a wand of frost (22)
Scrolls
 h - a scroll of fog {unknown}
 j - 3 scrolls of amnesia
 l - 6 scrolls of remove curse
 p - 5 scrolls of enchant weapon
 s - a scroll of identify
 x - 2 scrolls of recharging
 D - a scroll of blinking
 G - 2 scrolls of teleportation {unknown}
 Z - a scroll of summoning {unknown}
Potions
 e - 2 potions of curing
 g - 2 potions of restore abilities
 n - 2 potions of lignification {unknown}
 o - a potion of degeneration {unknown}
 u - a potion of invisibility {unknown}
 B - 2 potions of flight {unknown}
 J - a potion of mutation {unknown}
 T - a potion of cure mutation {unknown}
 U - a potion of heal wounds {unknown}
 W - 2 potions of agility {unknown}
Comestibles
 f - 12 bread rations
 m - 6 fruits
 t - 5 meat rations


   Skills:
 - Level 7.7 Fighting
 + Level 20.1 Polearms
 - Level 2.0 Throwing
 - Level 11.3 Dodging


You had 10 spell levels left.
You didn't know any spells.

Dungeon Overview and Level Annotations

Branches:
Dungeon (9/15)             Temple (0/1) D:4            Lair (2/8) D:9
    Orc: D:9-12

Altars:
Cheibriados
Dithmenos
Elyvilon
Fedhas
Gozag
Kikubaaqudgha
Makhleb
Nemelex Xobeh
Okawaru
Ru
Sif Muna
Xom
Yredelemnul
Zin

Shops:
D:9 =((*

Annotations:
D:5 1 runed door


Message History

* * * LOW HITPOINT WARNING * * *
You hear an angry buzzing noise.
The killer bee completely misses you.
Read which item? (? for menu, Esc to quit)
Blink to where?
Press: ? - help, Dir - move target cursor Your legs become a tail as you dive into the water.
The +0 pair of boots "Farofoem" {Int+5} melds into your body.
Floosh!
You are very lightly contaminated with residual magic.
As you read the scroll of blinking, it crumbles to dust. 4 river rats come into view.
The killer bee rages.
The +0 pair of boots "Farofoem" {Int+5} unmelds from your body.
The killer bee rages.
There is a stone staircase leading down here.
The killer bee completely misses you.
The killer bee rages.
The killer bee stings you.
You die...

##.+#######§####†P## ##...###
#....##..##+†#.#...### ##.###
#.....#r.....†.......# #..#
#⌠.>.⌠.....r.y..≈≈≈.## ##.#
#.....#.....≈ry≈≈≈≈≈.## #..#
##.⌠..#.....rry≈≈≈≈≈≈.####.##
###.#.....≈r≈≈≈≈≈≈≈≈.P##...#
###.###.....≈≈ryy≈≈≈≈.###..P#
....(.#....≈≈r≈.@.≈≈≈≈##...##
#."...+.....≈≈≈≈.≈≈≈≈.≈##P.#
#.##.##.....≈≈≈≈≈≈≈≈≈.###P.#
#####..####.≈≈≈≈≈≈≈≈≈..###.#
#### ##...≈≈≈≈≈...## #)## #
######.............###'P## #
##.#.##+##.#.#............# #
#.............#...#.......#
##
#..................+......#


You could see a queen bee, 4 killer bees and 7 river rats.

Vanquished Creatures
  Pikel (D:8)
  Maurice (D:8)
  2 spiny frogs (Lair:2)
  A troll (D:9)
  Grinder (D:5)
  A basilisk (Lair:1)
  15 yaks
  Eustachio (D:5)
  A hungry ghost (D:9)
  Grum (D:8)
  3 wolves (D:8)
  2 hippogriffs
  4 water moccasins
  4 sky beasts
  A necrophage (D:5)
  12 porcupines
  An orc warrior (D:9)
  A phantom (D:9)
  A slave (D:8)
  5 centaurs
  An ice beast (D:8)
  An ogre (D:7)
  Sigmund (D:6)
  2 big kobolds
  Duvessa (D:7)
  3 crocodiles
  4 giant frogs
  Blork the orc (D:4)
  A wyvern skeleton (D:8)
  4 scorpions
  A water moccasin skeleton (D:8)
  26 killer bees
  16 wights
  4 goliath beetles
  2 crimson imps
  A jelly (D:9)
  Dowan (D:7)
  2 electric eels (Lair:2)
  A centaur skeleton (D:5)
  6 hounds
  3 orc priests
  2 iguanas
  4 giant frog skeletons
  4 orc wizards
  5 hell rats (Lair:2)
  4 sheep (Lair:2)
  6 worker ants
  Robin (D:2)
  12 adders
  16 river rats
  4 gnolls
  A shadow imp (D:6)
  4 giant mites
  A worm (D:4)
  An adder zombie (D:5)
  2 adder skeletons
  8 giant geckos
  31 orcs
  4 bat skeletons
  A bat zombie (D:6)
  6 giant cockroaches
  22 hobgoblins
  5 jackals
  3 quokkas
  7 ball pythons
  14 bats
  5 giant newts
  A giant spore (D:7)
  12 goblins
  20 kobolds
  17 rats
  4 ballistomycetes (D:7)
368 creatures vanquished.

Vanquished Creatures (others)
  A plant (D:9)
1 creature vanquished.

Grand Total: 369 creatures vanquished

Notes
Turn   | Place    | Note
--------------------------------------------------------------
     0 | D:1      | Fiveotanaka, the Merfolk Gladiator, began the quest for the Orb.
     0 | D:1      | Reached XP level 1. HP: 16/16 MP: 1/1
   300 | D:1      | Reached skill level 5 in Polearms
   476 | D:1      | Reached XP level 2. HP: 22/22 MP: 2/2
   879 | D:1      | Reached skill level 6 in Polearms
   879 | D:1      | Reached XP level 3. HP: 25/27 MP: 3/3
  1773 | D:2      | Reached skill level 7 in Polearms
  1773 | D:2      | Reached XP level 4. HP: 33/33 MP: 4/4
  1810 | D:2      | Found a white marble altar of Elyvilon.
  2036 | D:2      | Found a snail-covered altar of Cheibriados.
  2037 | D:2      | Found a sparkling altar of Nemelex Xobeh.
  2182 | D:2      | Noticed Robin
  2246 | D:2      | Killed Robin
  2457 | D:2      | Found a deep blue altar of Sif Muna.
  2659 | D:3      | Reached skill level 8 in Polearms
  2665 | D:3      | Reached XP level 5. HP: 34/38 MP: 5/5
  3359 | D:4      | Reached skill level 9 in Polearms
  3373 | D:4      | Found an iron altar of Okawaru.
  3389 | D:4      | Reached XP level 6. HP: 27/44 MP: 6/6
  3511 | D:4      | Found a burning altar of Makhleb.
  3512 | D:4      | Found a glowing silver altar of Zin.
  3530 | D:4      | Became a worshipper of Makhleb the Destroyer
  3552 | D:4      | Noticed Blork the orc
  3565 | D:4      | Killed Blork the orc
  3571 | D:4      | Got a dull robe
  4028 | D:4      | Reached skill level 10 in Polearms
  4039 | D:4      | Found a staircase to the Ecumenical Temple.
  4249 | D:5      | Entered Level 5 of the Dungeon
  4367 | D:5      | Noticed a water moccasin
  4386 | D:5      | Killed a water moccasin
  4386 | D:5      | Reached XP level 7. HP: 26/50 MP: 7/7
  4731 | D:5      | Identified the +1 robe of the Countless Ghosts {rF+ Dex+4} (You found it on level 4 of the Dungeon)
  4737 | D:5      | Found a runed door.
  4759 | D:5      | Found a runed door.
  4763 | D:5      | Got a twisted leather armour
  4774 | D:5      | Identified the cursed -2 leather armour of Orthodoxy {-Tele rPois Int+7} (You found it on level 5 of the Dungeon)
  4853 | D:5      | Reached skill level 11 in Polearms
  5076 | D:5      | Noticed Eustachio
  5077 | D:5      | Noticed Grinder
  5086 | D:5      | Paralysed by Grinder for 5 turns
  5124 | D:5      | Killed Grinder
  5124 | D:5      | Reached skill level 5 in Dodging
  5149 | D:5      | Killed Eustachio
  5149 | D:5      | Reached skill level 12 in Polearms
  5149 | D:5      | Reached XP level 8. HP: 38/56 MP: 8/8
  5252 | D:5      | Found a sacrificial altar of Ru.
  5583 | D:5      | Acquired Makhleb's first power
  5840 | D:5      | Reached skill level 13 in Polearms
  6087 | D:6      | Acquired Makhleb's second power
  6105 | D:6      | Reached skill level 14 in Polearms
  6105 | D:6      | Reached XP level 9. HP: 58/61 MP: 9/9
  6314 | D:6      | Found an iron altar of Okawaru.
  6409 | D:6      | Found a shadowy altar of Dithmenos.
  6415 | D:6      | Noticed Sigmund
  6426 | D:6      | Killed Sigmund
  6648 | D:6      | Reached skill level 15 in Polearms
  7150 | D:7      | Acquired Makhleb's third power
  7225 | D:7      | Found a blossoming altar of Fedhas.
  7226 | D:7      | Found an ancient bone altar of Kikubaaqudgha.
  7240 | D:7      | Noticed Duvessa
  7240 | D:7      | Noticed Dowan
  7259 | D:7      | Killed Duvessa
  7264 | D:7      | Killed Dowan
  7927 | D:7      | Reached skill level 16 in Polearms
  7950 | D:7      | Acquired Makhleb's fourth power
  8215 | D:7      | Reached XP level 10. HP: 70/70 MP: 10/10
  8516 | D:8      | Noticed Grum
  8838 | D:8      | Killed Grum
  8930 | D:8      | Noticed Maurice
  9006 | D:8      | Killed Maurice
  9111 | D:8      | Reached skill level 17 in Polearms
  9116 | D:8      | Reached skill level 5 in Fighting
  9216 | D:8      | Acquired Makhleb's fifth power
  9221 | D:8      | Noticed Pikel
  9244 | D:8      | Killed Pikel
  9244 | D:8      | Reached skill level 10 in Dodging
  9528 | D:9      | Found Seidweell's Antique Weapon Shoppe.
  9609 | D:9      | Found Skorues' General Store.
  9698 | D:9      | Found a shimmering altar of Xom.
  9962 | D:9      | Reached XP level 11. HP: 83/83 MP: 11/11
  9983 | D:9      | Reached skill level 18 in Polearms
  9987 | D:9      | Found a basalt altar of Yredelemnul.
 10142 | D:9      | Found an opulent altar of Gozag.
 10237 | D:9      | Found Chacedus' Jewellery Shop.
 10248 | D:9      | Bought an uncursed ring of poison resistance for 260 gold pieces
 10248 | D:9      | Bought a cursed ring of loudness for 58 gold pieces
 10248 | D:9      | Bought a cursed -3 ring of dexterity for 26 gold pieces
 10252 | D:9      | Bought a +1 ring of protection for 39 gold pieces
 10413 | D:9      | Found a staircase to the Lair.
 10427 | D:9      | Found Waex's Weapon Boutique.
 10475 | Lair:1   | Entered Level 1 of the Lair of Beasts
 11115 | Lair:2   | Got a pair of polished boots
 11126 | Lair:2   | Identified the +0 pair of boots "Farofoem" {Int+5} (You found it on level 2 of the Lair of Beasts)
 11155 | Lair:2   | Reached skill level 19 in Polearms
 11657 | Lair:2   | Reached skill level 20 in Polearms
 11695 | Lair:2   | HP: 4/85 [killer bee (3)]
 11697 | Lair:2   | HP: 1/85 [killer bee (3)]
 11700 | Lair:2   | Slain by a killer bee

Action                   |  1- 3 |  4- 6 |  7- 9 | 10-12 || total
-------------------------+-------+-------+-------+-------++-------
Melee: Trident           |   105 |   272 |   495 |   457 ||  1329
       Halberd           |       |       |       |   110 ||   110
       Glaive            |       |       |       |   212 ||   212
Invok: Minor Destruction |       |       |       |     3 ||     3
  Use: Scroll            |       |       |     8 |     2 ||    10
       Potion            |       |       |       |     4 ||     4
 Stab: Sleeping          |     1 |       |       |       ||     1
  Eat: Chunk             |     3 |     8 |    13 |    22 ||    46
